 Dungeon Crawl Stone Soup version 0.31-a0-865-g3d5d91748a (console) character file.

Game seed: 4411479904322098801

1531685 questionabletactics the Shapeless Cat (level 25, 130/130 HPs)
             Began as a Felid Enchanter on Oct 10, 2023.
             Was an Initiate of Gozag.
             Escaped with the Orb
             ... and 3 runes on Oct 11, 2023!
             The game lasted 04:52:49 (80018 turns).

questionabletactics the Shapeless Cat (FeEn)       Turns: 80018, Time: 04:52:50

Health: 130/130    AC: 15    Str:  3    XL:     25   Next: 57%
Magic:  38/38      EV: 64    Int: 34    God:    Gozag
Gold:   6535       SH:  0    Dex: 20    Spells: 13/44 levels left
                                        Lives:  2   Deaths: 0

rFire   + .          .
                       - Unarmed
rCold   + + +        (shield unavailable)
rNeg    + + .        (body armour unavailable)
rPois   ∞            (helmet unavailable)
rElec   +            (cloak unavailable)
rCorr   .            (gloves unavailable)
SInv    +            (boots unavailable)
Will    ++++.        G - amulet of regeneration
Stlth   +++          i - ring of Ashenzari, Twisting {*Corrode rF+ rN+ Will+ Int+7}
HPRegen 1.21/turn    b - ring of Jaemnafume {rC+++ rN+ Int+3 Dex-4 SInv}
MPRegen 0.26/turn

%: corrode self (3%)
@: storm-form, flying, hasted, studying Stealth, very quick
A: cleaving, insubstantial, flying, very small, (claws 1), (fangs 3), see
invisible, (speed 1), (shaggy fur 3), (stealthy paws), no weapons or thrown
items, no armour, multi-lived, (horns 1), clever 1, devolution 1
0: Orb of Zot
}: 3/15 runes: barnacled, silver, gossamer
a: Blinkbolt, Begin Untransformation, Renounce Religion, Potion Petition, Call
Merchant, Bribe Branch


You escaped.
You worshipped Gozag.
Gozag was greatly pleased with you.
You were a lightning-filled tempest!
You visited 11 branches of the dungeon, and saw 51 of its levels.
You visited the Abyss 1 time.
You also visited: Sewer, Bailey, Gauntlet and Desolation.

You collected 30139 gold pieces.
You spent 2533 gold pieces at shops.
You paid 21071 gold pieces to Gozag.

Inventory:

Jewellery
 b - the ring of Jaemnafume (right paw) {rC+++ rN+ Int+3 Dex-4 SInv}
   (You acquired it on level 11 of the Dungeon)

   [ring of positive energy]

   Int+3:     It affects your intelligence (+3).
   Dex-4:     It affects your dexterity (-4).
   rC+++:     It renders you almost immune to cold.
   rN+:       It protects you from negative energy.
   SInv:      It lets you see invisible.
 i - the ring of Ashenzari, Twisting (left paw) {*Corrode rF+ rN+ Will+ Int+7}
   (You found it on level 2 of the Vaults)

   [ring of positive energy]

   Int+7:     It affects your intelligence (+7).
   rF+:       It protects you from fire.
   rN+:       It protects you from negative energy.
   Will+:     It increases your willpower.
   *Corrode:  It may corrode you when you take damage.
 v - a +6 ring of intelligence
 B - a +6 ring of strength
 C - the ring "Koabify" {Fly MP+9 AC+4 Int+2}
   (You found it in the Desolation of Salt)

   [ring of protection]

   AC+4:      It affects your AC (+4).
   Int+2:     It affects your intelligence (+2).
   MP+9:      It affects your magic capacity (+9).
   Fly:       It grants you flight.
 D - a ring of protection from fire
 F - a +5 ring of evasion
 G - an amulet of regeneration (around neck)
 I - the ring "Wicallef" {rElec rN+ Int+4}
   (You bought it in a shop on level 14 of the Dungeon)

   [ring of positive energy]

   Int+4:     It affects your intelligence (+4).
   rElec:     It insulates you from electricity.
   rN+:       It protects you from negative energy.
 T - a ring of willpower
Talismans
 t - a storm talisman (active)
 L - a granite talisman
 M - a blade talisman
 W - a dragon-blood talisman
Wands
 o - a wand of quicksilver (39)
 q - a wand of mindburst (2)
 r - a wand of roots (68)
 u - a wand of digging (23)
 H - a wand of paralysis (43)
 J - a wand of flame (64)
 U - a wand of polymorph (12)
Scrolls
 a - 4 scrolls of blinking
 f - 14 scrolls of teleportation
 l - 3 scrolls of amnesia
 m - 5 scrolls of fog
 n - 9 scrolls of vulnerability
 p - 7 scrolls of poison
 x - 3 scrolls of summoning
 y - a scroll of revelation
 O - 4 scrolls of fear
Potions
 c - 11 potions of attraction
 d - 15 potions of brilliance
 e - 7 potions of mutation
 g - 3 potions of berserk rage
 h - 19 potions of curing
 j - 3 potions of resistance
 k - 6 potions of might
 s - 9 potions of ambrosia
 w - 4 potions of magic
 z - 3 potions of haste
 A - 8 potions of enlightenment
 E - 4 potions of heal wounds
 K - 4 potions of invisibility
 N - 2 potions of cancellation
Miscellaneous
 P - a lightning rod (4/4)
 Q - a condenser vane
 S - a phantom mirror


   Skills:
 + Level 22.3 Fighting
 + Level 21.7 Dodging
 - Level 18.7 Stealth
 - Level 20.1 Unarmed Combat
 - Level 10.0 Spellcasting
 - Level 2.9 Conjurations
 - Level 15.0 Hexes
 - Level 12.9 Translocations
 - Level 2.5 Air Magic
 - Level 7.0 Evocations
 O Level 27 Shapeshifting


You had 13 spell levels left.
You knew the following spells:

 Your Spells              Type           Power      Damage    Failure   Level
a - Ensorcelled Hibernat  Hex/Ice        100%       N/A       1%          2
b - Tukima's Dance        Hex            88%        N/A       0%          3
c - Confusing Touch       Hex            88%        N/A       0%          3
d - Blink                 Tloc           100%       N/A       1%          2
e - Dazzling Flash        Conj/Hex       100%       N/A       1%          3
f - Mephitic Cloud        Conj/Pois/Air  29%        N/A       3%          3
g - Apportation           Tloc           100%       N/A       0%          1
h - Manifold Assault      Tloc           81%        N/A       1%          4
i - Vhi's Electric Charg  Tloc/Air       100%       N/A       1%          4
j - Dispersal             Tloc           40%        N/A       1%          6

Your spell library contained the following spells:

 Spells                   Type           Power      Damage    Failure   Level
 Jinxbite                 Hex            100%       N/A       0%          2
 Foxfire                  Conj/Fire      100%       2x1d9     1%          1
 Kiss of Death            Conj/Necr      100%       2d13      1%          1
 Magic Dart               Conj           100%       1d8       1%          1
 Shock                    Conj/Air       100%       1d9       1%          1
 Lesser Beckoning         Tloc           100%       N/A       1%          2
 Momentum Strike          Conj/Tloc      100%       3d10      1%          2
 Searing Ray              Conj           74%        2d7       1%          2
 Gell's Gravitas          Tloc           81%        N/A       1%          3
 Summon Guardian Golem    Hex/Summ       62%        N/A       1%          3
 Teleport Other           Tloc           81%        N/A       1%          3
 Volatile Blastmotes      Fire/Tloc      100%       2d18      1%          3
 Anguish                  Hex/Necr       31%        N/A       1%          4
 Cause Fear               Hex            44%        N/A       1%          4
 Fulminant Prism          Conj/Hex       33%        3d16      1%          4
 Iskenderun's Mystic Bla  Conj/Tloc      63%        2d13      1%          4
 Leda's Liquefaction      Hex/Erth       31%        N/A       1%          4
 Necrotise                Necr           68%        1d7       2%          1
 Summon Small Mammal      Summ           68%        N/A       2%          1
 Cigotuvi's Dreadful Rot  Necr/Pois/Air  44%        N/A       2%          2
 Poisonous Vapours        Pois/Air       50%        N/A       2%          2
 Swiftness                Air            34%        N/A       2%          3
 Metabolic Englaciation   Hex/Ice        31%        N/A       3%          5
 Passwall                 Tmut/Erth      14%        N/A       4%          2
 Scorch                   Fire           34%        2d6       4%          2
 Wereblood                Tmut           17%        N/A       4%          2
 Summon Forest            Summ/Tloc      28%        N/A       5%          5
 Call Canine Familiar     Summ           17%        N/A       8%          3
 Frozen Ramparts          Ice            34%        1d6       8%          3
 Ozocubu's Armour         Ice            17%        N/A       8%          3
 Vampiric Draining        Necr           17%        2d7       8%          3
 Brom's Barrelling Bould  Conj/Erth      27%        2d5       14%         4
 Flame Wave               Conj/Fire      27%        2d9       14%         4
 Sticky Flame             Conj/Fire      27%        2d5       14%         4
 Summon Lightning Spire   Summ/Air       25%        N/A       16%         4
 Iskenderun's Battlesphe  Conj           37%        2d9       22%         5
 Arcjolt                  Conj/Air       17%        1d27      24%         5
 Dispel Undead            Necr           17%        3d10      26%         4
 Petrify                  Tmut/Erth      17%        N/A       26%         4
 Freezing Cloud           Conj/Ice/Air   14%        6-21      34%         5
 Fireball                 Conj/Fire      13%        3d7       38%         5
 Irradiate                Conj/Tmut      13%        3d16      38%         5
 Agony                    Necr           17%        N/A       58%         5
 Alistair's Intoxication  Tmut/Pois      11%        N/A       58%         5
 Borgnjor's Vile Clutch   Necr/Erth      8%         N/A       58%         5
 Lee's Rapid Deconstruct  Erth           8%         3d7*      58%         5
 Conjure Ball Lightning   Conj/Air       17%        3x3d6     80%         6
 Bombard                  Conj/Erth      13%        9d3       92%         6
 Plasma Beam              Fire/Air       12%        2x1d23    94%         6
 Death Channel            Necr           8%         N/A       99%         6
 Eringya's Noxious Bog    Tmut/Pois      8%         4d6       99%         6
 Summon Cactus Giant      Summ           8%         N/A       99%         6
 Haunt                    Necr/Summ      8%         N/A       100%        7
 Orb of Destruction       Conj           18%        9d8       100%        7
 Ozocubu's Refrigeration  Ice            8%         4d9       100%        7
 Spellforged Servitor     Conj/Summ      13%        N/A       100%        7
 Summon Hydra             Summ           8%         N/A       100%        7
 Infestation              Necr           8%         N/A       100%        8
 Lehudib's Crystal Spear  Conj/Erth      13%        10d5      100%        8
 Maxwell's Capacitive Co  Air            17%        ∞         100%        8
 Death's Door             Necr           8%         N/A       100%        9
 Dragon's Call            Summ           8%         N/A       100%        9
 Sublimation of Blood     Necr           Unusable   N/A       N/A         2
 Animate Armour           Summ/Erth      Unusable   N/A       N/A         4
 Animate Dead             Necr           Unusable   N/A       N/A         4

Dungeon Overview and Level Annotations

Branches:
Dungeon (15/15)            Temple (1/1) D:4            Lair (5/5) D:11
 Shoals (4/4) Lair:2       Spider (4/4) Lair:3        Slime (0/5) Lair:4
    Orc (2/2) D:9             Elf (3/3) Orc:2        Vaults (5/5) D:14
  Crypt (3/3) Vaults:2       Tomb (0/3) Crypt:3      Depths (4/4) D:15
    Zot (5/5) Depths:4      Sewer (visited)          Bailey (visited)
Desolation (visited)      Gauntlet (visited)

Altars:
Ashenzari
Cheibriados
Dithmenos
Elyvilon
Fedhas
Gozag
Hepliaklqana
Kikubaaqudgha
Makhleb
Nemelex Xobeh
Okawaru
Qazlal
Ru
Sif Muna
Trog
Uskayaw
Vehumet
Wu Jian
Xom
Yredelemnul
Zin
The Shining One
Jiyva
Lugonu

Shops:
D:13 !   D:14 =   D:15 (   Orc:1 ::*   Orc:2 (?**   Elf:2 (   Lair:3 !?
Shoals:2 [   Spider:2 =   Spider:4 :   Vaults:1 ?   Vaults:5 *   Depths:1 ?
Depths:2 (([   Depths:4 ?=

Portals:
Hell: Depths:1 Depths:2 Depths:3 Depths:4
Abyss: Lair:5 Depths:1 Depths:2 Depths:3
Pandemonium: Depths:1 Depths:2
Ziggurat: Depths:1

Annotations:
D:9 exclusion: hornet
D:11 5 transporters
Shoals:1 2 transporters, SirDiesAlot's ghost, adept DsFi
Shoals:2 exclusion: 4 merfolk impalers
Elf:2 exclusion: 3 doors
Vaults:2 Sojobo
Depths:3 2 runed translucent doors
Zot:5 36 runed doors, Bealaq's ghost, legendary GnFE; Covvyleb's ghost, veteran DrIE; Deah Kuhairgh's ghost, legendary GnIE; Giurur's ghost, veteran OgBe; Pessaschasee's ghost, legendary HOFi; Pooter's ghost, legendary MiBe; Vaid's ghost, master GnFi; Wukiw's ghost, legendary MiBe


Innate Abilities, Weirdness & Mutations

You are a lightning-filled tempest!
Your electrical attacks strike out in all directions at once.
You are incredibly evasive.
Your insubstantial body is immune to petrification, constriction, and being set on fire You are flying.
You are immune to poison.
((You have sharp claws.))
((You have razor-sharp teeth.))
You have supernaturally acute eyesight. (SInv)
((You cover ground quickly. (Speed+)))
((Your thick and shaggy fur keeps you warm. (AC +3, rC+)))
((Your paws help you pounce on unaware monsters.))
You are incapable of wielding weapons or throwing items.
You cannot wear armour.
You gain extra lives every three experience levels.
((You have a pair of small horns on your head.))
Your mind is acute. (Int +4, Str/Dex -1)
You have hidden genetic defects.


Message History

The hell hog breathes fire at you.
The fireball explodes!
The fireball engulfs you. You resist.
You hear an angry squeal.
You feel yourself speed up.
There is a stone staircase leading up here.
You fly upwards.
There is a stone staircase leading down here.
There is a stone staircase leading up here.
You fly upwards.
There is a stone staircase leading down here.
There is an open door here.
There is an open door here.
There is a stone staircase leading up, spattered with blood here.
You fly upwards.
There is a stone staircase leading down here.
Your extra speed is starting to run out.
There is a stone staircase leading up here.
You fly upwards.
You feel yourself slow down.
There is a stone staircase leading down here.
There is a stone staircase leading up here.
You fly upwards.
There is a stone staircase leading down here.
There is a stone staircase leading up here.
You fly upwards.
There is a stone staircase leading down here.
There is an open door here.
You see here a +0 short sword.
A daeva comes into view.
It is wielding a +5 eudemon blade of holy wrath.
You feel yourself speed up.
Blink to where?
Press: ? - help, Dir - move target
As you read the scroll of blinking, it crumbles to dust.
Things that are here:
4 stones; a +0 dagger
There is a large open door here.
There is a large open door here.
There is a large open door here.
There is a staircase leading out of the dungeon here.
You have escaped!

#...................†..#
#..........#.#########.#
#..........#..# #.#
#..........##.# #.#
#..........##.# #.#
#############.## #.# #..# #.#
######.#######.# #v(# #.........#
###''####..#########
#......##..#........ ##########
#.≈≈≈≈.##..#........ .........#
#.≈§§≈.##..#.#######
.........#####......##..#.# #
..).A...§(...###''###...#.# #
.........###..##..##..#.#########
.........# ##..#''##.##..........


There were no monsters in sight!

Vanquished Creatures
  3 dread liches
  An orb of fire (Zot:5)
  A juggernaut (Depths:4)
  An ancient lich (Vaults:5)
  Margery (Depths:2)
  Saint Roka (Crypt:1)
  Nikola (Shoals:3)
  5 golden dragons
  2 bone dragons
  the Enchantress (Depths:2)
  A doom hound (Depths:1)
  5 tentacled monstrosities
  3 hellephants
  3 shard shrike skeletons (Crypt:1)
  6 liches
  4 Orb Guardians
  5 deep elf master archers
  5 quicksilver dragons
  6 sphinxes
  5 deep elf blademasters
  A walking frostbound tome (Depths:3)
  A death cob (Zot:4)
  2 ancient champions
  Gastronok (D:8)
  6 storm dragons
  5 tengu reavers
  Kirke (Lair:4)
  3 shadow dragons (Vaults:5)
  Aizul (Depths:2)
  3 revenants
  5 frost giants
  A daeva (Shoals:4)
  10 deep elf sorcerers
  7 fire giants
  19 vault wardens
  4 emperor scorpions
  2 iron dragons
  A caustic shrike zombie (D:15)
  7 ghost moths
  Louise (Depths:2)
  2 deep elf elementalists (Elf:3)
  A draconian scorcher (Zot:5)
  3 orc warlords
  2 imperial myrmidons (Desolation)
  3 curse skulls
  7 war gargoyles
  2 draconian shifters (Zot:4)
  22 ironbound preservers
  9 ironbound thunderhulks
  14 stone giants
  3 spriggan defenders (Depths:2)
  A formless jellyfish (Vaults:4)
  22 very ugly things
  A juggernaut skeleton (Crypt:1)
  5 green draconians
  Nessos (Lair:3)
  7 deep elf demonologists
  5 vampire knights
  A halazid warlock (Desolation)
  An apis (Shoals:4)
  Azrael (Elf:2)
  14 dire elephants
  7 black draconians
  2 white draconians
  6 yellow draconians
  13 deep elf annihilators (Elf:3)
  11 spark wasps
  A quicksilver dragon zombie (Crypt:3)
  2 red draconians (Depths:4)
  2 purple draconians
  6 merfolk javelineers
  An eidolon (Crypt:2)
  10 ragged hierophants (Desolation)
  3 entropy weavers
  A pearl dragon skeleton (Crypt:1)
  20 yaktaur captains
  7 ettins
  4 jiangshi
  9 great orbs of eyes
  11 merfolk impalers
  8 deep elf death magi
  3 crystal guardians
  8 fire dragons
  27 vault guards
  11 deep elf high priests
  2 quicksilver dragon skeletons (Crypt:1)
  2 catoblepae
  5 servants of whispers (Desolation)
  A hell beast (Depths:1)
  A salamander tyrant (Depths:2)
  2 ogre magi (Vaults:5)
  5 rakshasas
  7 ironbound frosthearts
  13 peacekeepers
  15 centaur warriors
  5 hydras
  14 ice dragons
  8 spriggan skeletons
  3 alligator snapping turtles
  5 spriggan air magi
  4 merfolk avatars
  9 merfolk aquamancers
  2 death knights
  A jorogumo (Spider:4)
  16 dancing weapons
  5 two-headed ogres
  4 death yaks
  7 tengu warriors
  14 boulder beetles
  3 radroaches
  5 orc high priests
  4 deep troll shamans
  12 demonic crawlers
  A quicksilver ooze zombie (Crypt:1)
  3 spriggan berserkers
  2 thrashing horrors (Lair:5)
  6 vampire magi
  22 hell knights
  20 deep elf knights
  A hellephant skeleton (Crypt:1)
  A sun demon (Depths:1)
  Sonja (Orc:2)
  2 titan skeletons
  2 sixfirhies (Depths:1)
  35 skeletal warriors
  An iron troll (Depths:1)
  2 cherubim (Shoals:4)
  5 pharaoh ants
  A sea snake (shapeshifter) (Depths:4)
  2 anaconda zombies
  7 skysharks
  7 sea snakes
  3 flayed ghosts (Crypt:2)
  2 spriggan simulacra (Crypt:2)
  5 bog bodies (Shoals:1)
  6 glowing orange brains
  48 deep trolls
  A bunyip skeleton (Crypt:2)
  10 wizards
  11 deep elf archers
  21 ironbound convokers
  3 lindwurms
  2 deep trolls (shapeshifter) (Vaults:5)
  28 deep elf pyromancers
  15 orb spiders
  6 large abominations
  32 ugly things
  10 phantasmal warriors
  An anaconda skeleton (Crypt:1)
  A goliath frog zombie (Crypt:2)
  12 orc knights
  21 deep elf zephyrmancers
  11 necromancers
  4 steelbarb worms
  3 stone giant zombies
  4 orc sorcerers
  24 harpies
  22 wolf spiders
  A wolf spider (shapeshifter) (Vaults:3)
  A shining eye (Depths:1)
  19 manticores
  2 fauns (Shoals:3)
  A manticore (shapeshifter) (Depths:3)
  A jorogumo skeleton (Crypt:1)
  10 cyclopes
  A dire elephant zombie (Crypt:3)
  2 guardian serpents (Desolation)
  12 moths of wrath
  An elephant (shapeshifter) (Lair:5)
  2 iron dragon skeletons
  A water nymph (shapeshifter) (Vaults:5)
  21 vault sentinels
  3 rust devils
  A stone giant skeleton (Vaults:3)
  6 elephants (Lair:5)
  3 black mambas
  11 merfolk sirens
  Joseph (D:8)
  7 water nymphs
  A draconian skeleton (Crypt:2)
  Jeremiah (D:8)
  11 cane toads
  7 torpor snails
  4 smoke demons
  A molten gargoyle (Desolation)
  An unseen horror (D:11)
  5 gargoyles
  2 spriggan zombies
  2 kobold demonologists
  2 rime drakes (Lair:3)
  2 alligator snapping turtle skeletons (Crypt:1)
  2 centaur skeletons (Crypt:3)
  48 yaktaurs
  11 komodo dragons
  A white draconian skeleton (Crypt:2)
  2 guardian mummies (D:15)
  6 freezing wraiths
  An ice devil (Gauntlet)
  4 tengu conjurers
  A harpy zombie (Crypt:3)
  14 trolls
  A death drake zombie (Crypt:1)
  A yaktaur skeleton (Vaults:3)
  2 polar bears
  A hellwing (Depths:1)
  9 meliai (Spider:3)
  3 red devils (Crypt:3)
  4 wind drakes
  22 merfolk
  16 tarantellas
  6 hornets
  46 saltlings (Desolation)
  37 blink frogs
  2 harpy skeletons
  6 dream sheep
  17 snapping turtles
  3 raiju (Lair:5)
  An ice dragon zombie (Crypt:1)
  51 slime creatures
  8 flying skulls (Crypt:1)
  A spriggan (shapeshifter) (Lair:5)
  2 spriggans
  28 jumping spiders
  A centaur simulacrum (D:15)
  5 vampires
  23 water elementals
  An air elemental (Elf:2)
  28 culicivoras
  8 wraiths
  An ettin skeleton (Crypt:3)
  4 ynoxinuls
  A culicivora (shapeshifter) (Vaults:4)
  Grum (D:8)
  14 yaks
  5 shadows
  A hog (Lair:4)
  6 basilisks
  A fire bat (Vaults:4)
  7 wyverns
  An alligator snapping turtle simulacrum (Crypt:2)
  2 black mamba skeletons
  3 fire elementals (Elf:2)
  53 redbacks
  A steam dragon (D:9)
  11 wargs
  2 redback simulacra (D:15)
  A chaos spawn (Depths:1)
  A naga zombie (Crypt:2)
  A faun zombie (Crypt:2)
  2 human zombies
  A demonspawn zombie (Crypt:2)
  3 acid dragons
  An ogre zombie (Vaults:3)
  8 water moccasins
  2 naga skeletons (Crypt:2)
  2 floating eyes
  2 hell hounds (Elf:2)
  A fire bat skeleton (Crypt:2)
  2 black bears
  An ice beast (shapeshifter) (Lair:5)
  4 ice beasts
  A swamp drake (shapeshifter) (D:13)
  58 orc warriors
  A sky beast (D:7)
  22 ogres
  4 boggarts (Vaults:1)
  9 wolves
  A lindwurm skeleton (Crypt:1)
  7 centaurs
  3 phantoms
  8 kobold brigands
  4 elf zombies (Elf:1)
  15 bullfrogs
  6 earth elementals
  10 scorpions
  8 small abominations
  A gnoll sergeant (D:11)
  A cyclops zombie (Crypt:1)
  11 wights
  3 killer bees (D:11)
  5 howler monkeys
  8 electric eels
  9 crimson imps
  2 lava snakes (Lair:2)
  3 jellies
  A hound (D:4)
  28 orc priests
  2 gnoll boudas
  A sleepcap (D:5)
  5 iguanas
  22 orc wizards
  A tengu skeleton (Crypt:2)
  10 gnolls
  8 adders
  A river rat (D:3)
  4 shadow imps
  7 white imps
  An ufetubus (Abyss:2)
  7 worms
  124 orcs
  9 endoplasms
  4 giant cockroaches
  2 goblins
  7 hobgoblins
  8 jackals
  5 quokkas
  3 training dummies (Elf:1)
  10 ball pythons
  13 bats
  9 frilled lizards
  A frilled lizard skeleton (Crypt:1)
  A jackal zombie (Crypt:2)
  41 kobolds
  7 rats
  A river rat skeleton (Crypt:2)
  A butterfly (D:4)
  A tentacle (Shoals:2)
2302 creatures vanquished.

Vanquished Creatures (collateral kills)
  2 dread liches (Zot:5)
  3 Killer Klowns (Zot:5)
  2 electric golems (Zot:5)
  A tentacled monstrosity (Zot:5)
  14 Orb Guardians (Zot:5)
  A death cob (Zot:5)
  A shadow dragon (Zot:5)
  A storm dragon (Zot:5)
  A yellow draconian (Zot:5)
  2 two-headed ogres
  A deep elf archer (Elf:1)
  2 moths of wrath (Zot:5)
  A tarantella (Spider:4)
  A centaur (D:5)
  A kobold brigand (Sewer)
  A gnoll sergeant (D:10)
  4 wights (D:9)
  A gnoll (D:10)
  3 orcs
  A kobold (Sewer)
44 creatures vanquished.

Vanquished Creatures (others)
  A dread lich (Zot:5)
  An ancient lich (Zot:5)
  3 orbs of fire (Zot:5)
  A Killer Klown (Zot:5)
  3 Orb Guardians (Zot:5)
  A tentacled monstrosity (Zot:5)
  2 deep elf knights
  A deep elf zephyrmancer (Elf:3)
  2 moths of wrath (Zot:5)
  8 dancing weapons
  A saltling (Desolation)
  A tarantella (Spider:4)
  A culicivora (Spider:4)
  A redback (Spider:3)
  A boggart (Vaults:1)
  A lava snake (Lair:2)
  4 starspawn tentacles (Abyss:2)
  28 tentacles
61 creatures vanquished.

Grand Total: 2407 creatures vanquished

Notes
Turn   | Place    | Note
-------+----------+-------------------------------------------
     0 | D:1      | questionabletactics the Felid Enchanter began the quest for
                  | the Orb.
     0 | D:1      | Reached XP level 1. HP: 7/7 MP: 4/4
   652 | D:1      | Reached XP level 2. HP: 11/11 MP: 6/6
   655 | D:1      | Learned a level 2 spell: Ensorcelled Hibernation
  1651 | D:2      | Reached XP level 3. HP: 14/14 MP: 7/7
  1801 | D:2      | Learned a level 3 spell: Tukima's Dance
  1822 | D:2      | Reached skill level 5 in Hexes
  2613 | D:3      | Reached skill level 5 in Stealth
  2727 | D:3      | Found a glowing drain.
  2750 | D:3      | Reached XP level 4. HP: 17/18 MP: 5/8
  2776 | Sewer    | Entered a sewer
  3020 | Sewer    | Noticed a kobold brigand
  3316 | Sewer    | Killed a kobold brigand
  3317 | Sewer    | Reached XP level 5. HP: 21/21 MP: 4/9
  4031 | D:3      | Reached skill level 1 in Fighting
  4354 | D:4      | Found a staircase to the Ecumenical Temple.
  4419 | Temple   | Entered the Ecumenical Temple
  4859 | D:4      | Gained mutation: You are covered in thick fur. (AC +2)
                  | [Felid growth]
  4859 | D:4      | Reached XP level 6. HP: 25/25 MP: 10/10
  4963 | D:4      | Learned a level 3 spell: Confusing Touch
  5779 | D:5      | Entered Level 5 of the Dungeon
  5884 | D:5      | Found a glowing golden altar of the Shining One.
  5899 | D:5      | Noticed an ice beast
  6181 | D:5      | Noticed an orc warrior
  6350 | D:5      | Killed an ice beast
  6351 | D:5      | Reached XP level 7. HP: 10/28 MP: 5/11
  6869 | D:5      | Reached skill level 5 in Unarmed Combat
  7368 | D:5      | Reached XP level 8. HP: 32/32 MP: 9/12
  7439 | D:5      | Found an opulent altar of Gozag.
  7444 | D:5      | Found a basalt altar of Yredelemnul.
  7453 | D:5      | Became a worshipper of Gozag Ym Sagoz the Greedy
  7820 | D:6      | Found a sacrificial altar of Ru.
  8241 | D:5      | Reached skill level 10 in Stealth
  8497 | D:6      | Found a white marble altar of Elyvilon.
  8591 | D:6      | Found an ancient bone altar of Kikubaaqudgha.
  8835 | D:6      | Found a shadowy altar of Dithmenos.
  8882 | D:6      | Reached skill level 10 in Hexes
  9634 | D:7      | Reached XP level 9. HP: 39/39 MP: 13/13
 10067 | D:7      | Found a snail-covered altar of Cheibriados.
 10089 | D:7      | Reached skill level 5 in Dodging
 10600 | D:8      | Found a flagged portal.
 10623 | D:8      | Reached skill level 1 in Shapeshifting
 10677 | Bailey   | Entered a bailey
 10721 | Bailey   | Reached skill level 2 in Shapeshifting
 10821 | Bailey   | Noticed an orc knight
 10867 | Bailey   | Killed an orc knight
 10868 | Bailey   | Reached skill level 3 in Shapeshifting
 10877 | Bailey   | Reached skill level 4 in Shapeshifting
 10888 | Bailey   | Identified the +8 flail of the Aged Emperors {protect,
                  | *Rage *Corrode rF++ rN+}
 11093 | Bailey   | Found a bloodstained altar of Trog.
 11238 | D:8      | Noticed a two-headed ogre
 11299 | D:8      | Noticed Grum
 11537 | D:8      | Noticed Gastronok
 11696 | D:8      | Reached XP level 10. HP: 42/42 MP: 11/14
 11713 | D:8      | Noticed Joseph
 11820 | D:8      | Killed a two-headed ogre
 12134 | D:8      | Found a sparkling altar of Nemelex Xobeh.
 12172 | D:8      | Noticed Jeremiah
 12235 | D:9      | Found a staircase to the Orcish Mines.
 12804 | D:9      | Reached skill level 10 in Dodging
 13033 | D:9      | Found an iron altar of Okawaru.
 13060 | D:9      | Found a radiant altar of Vehumet.
 13967 | D:10     | Entered Level 10 of the Dungeon
 14605 | D:10     | Reached XP level 11. HP: 46/46 MP: 10/15
 15075 | D:11     | Found a transporter.
 15077 | D:11     | Found a transporter.
 15560 | D:11     | Reached skill level 5 in Shapeshifting
 15670 | D:11     | Found a staircase to the Lair.
 15690 | D:11     | Found a transporter.
 15696 | D:11     | Found a transporter.
 15921 | D:11     | Found a transporter.
 15921 | D:11     | Found a transporter.
 15941 | D:11     | Reached skill level 5 in Fighting
 15993 | D:11     | You fall into a shaft and drop 2 floors!
 16195 | D:11     | Reached skill level 6 in Shapeshifting
 16812 | D:11     | Identified a scroll of acquirement
 16812 | D:11     | Acquired the ring of Jaemnafume {rC+++ rN+ Int+3 Dex-4
                  | SInv}
 16892 | Lair:1   | Entered Level 1 of the Lair of Beasts
 16893 | Lair:1   | Upgraded the game from 0.31-a0-859-g9dce7d3444 to
                  | 0.31-a0-865-g3d5d91748a
 16896 | Lair:1   | Learned a level 2 spell: Blink
 17120 | Lair:1   | Reached skill level 1 in Translocations
 17523 | Lair:2   | Reached skill level 7 in Shapeshifting
 17702 | Lair:2   | Noticed a skyshark
 17712 | Lair:2   | Killed a skyshark
 18328 | Lair:2   | Reached skill level 8 in Shapeshifting
 18358 | Lair:2   | Found a staircase to the Shoals.
 18692 | Lair:3   | Noticed a death yak
 18692 | Lair:3   | Noticed a death yak
 18694 | Lair:3   | Noticed a death yak
 18781 | Lair:3   | Found a gate leading to a gauntlet.
 18786 | Gauntlet | Entered a Gauntlet
 18786 | Gauntlet | Found a transporter.
 18793 | Gauntlet | Found a transporter.
 18795 | Gauntlet | Found a transporter.
 18804 | Gauntlet | Found a transporter.
 18805 | Gauntlet | Found a transporter.
 18809 | Gauntlet | Noticed a wizard
 18810 | Gauntlet | Noticed a wretched star
 18815 | Gauntlet | Found a transporter.
 18832 | Gauntlet | Found a transporter.
 18834 | Gauntlet | Noticed a wizard
 18839 | Gauntlet | Found a runed translucent door.
 18843 | Gauntlet | Found a transporter.
 18852 | Gauntlet | Found a transporter.
 18866 | Gauntlet | Found a transporter.
 18879 | Gauntlet | Found a runed translucent gate.
 18880 | Gauntlet | Found a transporter.
 18880 | Gauntlet | Found a runed translucent gate.
 18880 | Gauntlet | Found a transporter.
 18881 | Gauntlet | Found a runed translucent gate.
 18976 | Gauntlet | Gained mutation: Your thick and shaggy fur keeps you warm.
                  | (AC +3, rC+) [Felid growth]
 18976 | Gauntlet | Reached XP level 12. HP: 47/52 MP: 10/19
 19125 | Gauntlet | Found a transporter.
 19376 | Gauntlet | Noticed a minotaur
 19534 | Lair:3   | Reached skill level 9 in Shapeshifting
 20070 | Lair:3   | Found a hole to the Spider Nest.
 20379 | Lair:3   | Reached skill level 10 in Shapeshifting
 20463 | Lair:3   | Noticed Nessos
 20690 | Lair:3   | Noticed a catoblepas
 21056 | Lair:4   | Noticed Kirke
 21074 | Lair:4   | Learned a level 3 spell: Dazzling Flash
 21242 | Lair:4   | Noticed a six-headed hydra
 21635 | Lair:5   | Entered Level 5 of the Lair of Beasts
 21646 | Lair:5   | Reached skill level 11 in Shapeshifting
 21935 | Lair:5   | Noticed a four-headed hydra
 21983 | Lair:5   | Reached XP level 13. HP: 55/55 MP: 15/20
 22120 | Lair:5   | Found a sacrificial altar of Ru.
 22433 | Lair:5   | HP: 2/55 [five-headed hydra (14)]
 22703 | Lair:3   | Bought a potion of heal wounds for 60 gold pieces
 22703 | Lair:3   | Bought a potion of heal wounds for 60 gold pieces
 22705 | Lair:3   | Bought a scroll of teleportation for 39 gold pieces
 22705 | Lair:3   | Bought a scroll of blinking for 97 gold pieces
 22705 | Lair:3   | Bought a scroll of identify for 26 gold pieces
 22705 | Lair:3   | Bought a scroll of identify for 26 gold pieces
 23302 | D:12     | Acquired 284 gold pieces
 23526 | D:12     | Found a blossoming altar of Fedhas.
 23729 | D:13     | Reached skill level 1 in Evocations
 24420 | D:13     | Found Hecy's Distillery.
 24426 | D:13     | Bought a potion of curing for 42 gold pieces
 24627 | Orc:1    | Entered Level 1 of the Orcish Mines
 25336 | Orc:1    | Reached skill level 5 in Evocations
 25362 | Orc:1    | Noticed an ettin
 25398 | Orc:1    | Killed an ettin
 25647 | Orc:1    | Reached skill level 12 in Shapeshifting
 25965 | Orc:1    | Noticed an orc warlord
 26266 | Orc:1    | Killed an orc warlord
 26559 | Orc:2    | Entered Level 2 of the Orcish Mines
 26958 | Orc:1    | Reached XP level 14. HP: 64/64 MP: 16/21
 28141 | Orc:2    | Noticed Sonja
 28148 | Orc:2    | Killed Sonja
 28241 | Orc:2    | Found a staircase to the Elven Halls.
 28249 | Orc:2    | Reached skill level 10 in Unarmed Combat
 28310 | Orc:2    | Reached skill level 5 in Spellcasting
 28604 | Orc:2    | Found Iguestre's Magic Scroll Shop.
 29100 | Orc:2    | Noticed an orc warlord
 29122 | Orc:2    | Killed an orc warlord
 29497 | Orc:2    | Paralysed by an orc sorcerer for 3 turns
 29546 | Orc:2    | Found Nicwyeti's General Store.
 29594 | Orc:2    | Found Molips's Assorted Antiques.
 29679 | Orc:2    | Bought a scroll of teleportation for 75 gold pieces
 30073 | Orc:2    | Found Qijiuff's Weapon Shoppe.
 30685 | Orc:1    | Acquired the Papyrus of the Ruinous Wendigo
 30691 | Orc:1    | Learned a level 3 spell: Mephitic Cloud
 30974 | D:14     | Reached skill level 1 in Air Magic
 31168 | D:14     | Found a gate to the Vaults.
 31402 | D:14     | Reached skill level 1 in Conjurations
 32524 | D:14     | Bought the ring "Wicallef" {rElec rN+ Int+4} for 466 gold
                  | pieces
 32570 | D:15     | Entered Level 15 of the Dungeon
 32701 | D:15     | Found a staircase to the Depths.
 32733 | D:15     | Reached XP level 15. HP: 67/67 MP: 25/28
 33230 | D:14     | Reached skill level 15 in Stealth
 33400 | D:15     | Found Atiesaig's Antique Weapon Emporium.
 33866 | D:15     | Reached skill level 15 in Dodging
 34183 | D:8      | Killed Joseph
 34250 | D:8      | Killed Gastronok
 34343 | D:8      | Killed Grum
 34601 | D:8      | Killed Jeremiah
 35287 | Lair:3   | Killed Nessos
 35563 | Lair:4   | Reached skill level 13 in Shapeshifting
 35624 | Lair:4   | Found a viscous altar of Jiyva.
 35625 | Lair:4   | Found a staircase to the Slime Pits.
 35803 | Lair:4   | Found a viscous altar of Jiyva.
 35804 | Lair:4   | Found a staircase to the Slime Pits.
 36189 | Lair:4   | Killed Kirke
 37075 | Lair:5   | Reached skill level 14 in Shapeshifting
 37597 | Lair:5   | Found a corrupted altar of Lugonu.
 37597 | Lair:5   | Found a one-way gate to the infinite horrors of the Abyss.
 37604 | Abyss:2  | Cast into level 2 of the Abyss (spriggan)
 37808 | Abyss:2  | Noticed a tentacled starspawn
 37829 | Lair:5   | Escaped the Abyss
 38157 | Shoals:1 | Entered Level 1 of the Shoals
 38217 | Shoals:2 | Reached skill level 15 in Shapeshifting
 38743 | Shoals:2 | Found Ywkur's Antique Armour Emporium.
 38804 | Shoals:2 | Reached XP level 16. HP: 70/72 MP: 29/29
 39036 | Shoals:2 | Noticed a kraken
 39355 | Shoals:3 | Noticed Nikola
 39362 | Shoals:3 | Killed Nikola
 39363 | Shoals:3 | Reached skill level 16 in Shapeshifting
 40449 | Shoals:1 | Noticed a kraken
 40882 | Shoals:1 | Found a transporter.
 40884 | Shoals:1 | Found a transporter.
 40885 | Shoals:1 | Noticed SirDiesAlot's ghost (adept DsFi)
 41623 | Shoals:1 | Identified the +1 ring mail "Ammyrauf" {Rampage rC+ Will+}
 41810 | Shoals:4 | Entered Level 4 of the Shoals
 42246 | Shoals:4 | Reached skill level 17 in Shapeshifting
 42380 | Shoals:4 | Reached skill level 10 in Fighting
 42436 | Shoals:4 | Reached XP level 17. HP: 76/76 MP: 30/30
 42457 | Shoals:4 | Found a glowing silver altar of Zin.
 42561 | Shoals:4 | Found a white marble altar of Elyvilon.
 42655 | Shoals:4 | Found a glowing golden altar of the Shining One.
 43117 | Shoals:4 | Got a vellum book
 43315 | Shoals:4 | Got a barnacled rune of Zot
 43542 | Shoals:4 | Identified the +2 pair of boots of the Quahog {rF- Str+3
                  | Dex+7}
 43716 | Spider:1 | Entered Level 1 of the Spider Nest
 43848 | Spider:1 | Reached skill level 18 in Shapeshifting
 45373 | Spider:2 | Reached skill level 5 in Translocations
 45817 | Spider:2 | Learned a level 1 spell: Apportation
 45822 | Spider:2 | Learned a level 4 spell: Manifold Assault
 45827 | Spider:2 | Learned a level 4 spell: Vhi's Electric Charge
 46149 | Spider:3 | Reached XP level 18. HP: 84/84 MP: 28/31
 46928 | Spider:4 | Entered Level 4 of the Spider Nest
 47387 | Spider:4 | Reached skill level 19 in Shapeshifting
 47679 | Spider:4 | Reached skill level 10 in Translocations
 48444 | Spider:4 | Got a gossamer rune of Zot
 48776 | Spider:4 | Bought a manual of Fighting for 1200 gold pieces
 49086 | Elf:1    | Entered Level 1 of the Elven Halls
 49307 | Elf:1    | Reached skill level 15 in Hexes
 50012 | Elf:1    | Got a parchment book
 50413 | Elf:2    | Noticed Azrael
 50421 | Elf:2    | Killed Azrael
 50617 | Elf:2    | Reached XP level 19. HP: 91/91 MP: 33/33
 50649 | Elf:2    | Found a runed translucent gate.
 50650 | Elf:2    | Found a runed translucent gate.
 50650 | Elf:2    | Found a runed translucent gate.
 50734 | Elf:2    | Reached skill level 15 in Fighting
 50877 | Elf:2    | Found Ofotout's Antique Weapon Shoppe.
 50898 | Elf:2    | Paralysed by an air elemental for 1 turns
 51041 | Elf:2    | Learned a level 6 spell: Dispersal
 51045 | Elf:3    | Entered Level 3 of the Elven Halls
 51303 | Elf:3    | Reached skill level 10 in Spellcasting
 52395 | Elf:3    | Identified the +3 war axe of Patterns {holy, rElec rC+
                  | Str+3 Dex-5}
 52758 | Elf:3    | Reached skill level 20 in Shapeshifting
 52775 | Elf:3    | HP: 1/124 [deep elf master archer/arrow (32)]
 52965 | Elf:3    | Identified the +3 chain mail of Onuddian {Int+2}
 53649 | Elf:3    | Identified the amulet "Comn" {RegenMP rPois Int+3}
 54005 | Elf:3    | Identified the ring of Suspicion {+Blink Fly rF- rCorr
                  | MP+9}
 55073 | Elf:3    | Identified the staff of Death {rN+ rCorr Int+3 Necro}
 55152 | Elf:3    | Identified the +2 arbalest of Vanity {heavy, Str+4 Int+10
                  | Stlth-}
 55158 | Elf:3    | Got a faded book
 55687 | Vaults:1 | Entered Level 1 of the Vaults
 55694 | Vaults:1 | Identified the +1 scale mail of Makhleb's Envy {rC+ SInv}
 55836 | Vaults:1 | Reached skill level 21 in Shapeshifting
 56054 | Vaults:1 | Found Tiuprag's Magic Scroll Shop.
 56061 | Vaults:1 | Bought a scroll of blinking for 127 gold pieces
 56061 | Vaults:1 | Bought a scroll of teleportation for 51 gold pieces
 56225 | Vaults:1 | Reached XP level 20. HP: 100/100 MP: 22/35
 57571 | Vaults:2 | Reached skill level 22 in Shapeshifting
 57728 | Vaults:2 | Found a staircase to the Crypt.
 58166 | Vaults:2 | Identified the ring of Ashenzari, Twisting {*Corrode rF+
                  | rN+ Will+ Int+7}
 58286 | Vaults:2 | Identified the +0 short sword of the Beloved God {flame,
                  | Int+3}
 58371 | Vaults:2 | Noticed Sojobo
 58522 | Vaults:2 | Reached skill level 23 in Shapeshifting
 58800 | Vaults:2 | Paralysed by an air elemental for 1 turns
 58892 | Vaults:2 | Paralysed by an air elemental for 1 turns
 59188 | Vaults:2 | Paralysed by an air elemental for 1 turns
 59190 | Vaults:2 | Paralysed by an air elemental for 1 turns
 59192 | Vaults:2 | Paralysed by an air elemental for 1 turns
 59783 | Vaults:3 | Reached XP level 21. HP: 104/104 MP: 36/36
 60998 | Vaults:4 | Reached skill level 15 in Unarmed Combat
 61116 | Vaults:4 | Found a crumbling gateway.
 61121 | Desolati | Entered the Desolation of Salt
 61650 | Desolati | Got an uncut book
 61653 | Desolati | Got a whispering book
 61659 | Desolati | Got an illuminated book
 61925 | Desolati | Identified the +4 quarterstaff "Ceull" {freeze, Will- Str+2
                  | Int+5 SInv}
 62165 | Desolati | Identified the ring "Koabify" {Fly MP+9 AC+4 Int+2}
 63865 | Vaults:1 | Identified the +7 broad axe "Plojy" {spect, rElec Str+2
                  | Int-2}
 63927 | Depths:1 | Entered Level 1 of the Depths
 64062 | Depths:1 | Reached XP level 22. HP: 109/109 MP: 37/37
 64102 | Depths:1 | Found a one-way gateway to a ziggurat.
 64177 | Depths:1 | Found a gateway to Hell.
 64276 | Depths:1 | Identified the +7 lajatang "Taevitery" {flame, Fly rC+
                  | Dex+3}
 64363 | Depths:1 | Found a one-way gate leading to the halls of Pandemonium.
 64363 | Depths:1 | Identified the ring of Yesterday {Fly rPois rF- Str+2
                  | Slay+4}
 66434 | Depths:2 | Found Zoith's Weapon Emporium.
 66693 | Depths:2 | Noticed Margery
 66721 | Depths:2 | Killed Margery
 66726 | Depths:2 | Noticed Aizul
 66735 | Depths:2 | Killed Aizul
 66910 | Depths:2 | Found Cenol's Antique Armour Emporium.
 66973 | Depths:2 | Found Tamn's Weapon Boutique.
 67099 | Depths:2 | Noticed Louise
 67118 | Depths:2 | Killed Louise
 67346 | Depths:2 | Noticed the Enchantress
 67375 | Depths:2 | Killed the Enchantress
 68289 | Depths:3 | Reached skill level 24 in Shapeshifting
 69042 | Depths:3 | Noticed a golden dragon
 69053 | Depths:3 | Killed a golden dragon
 69055 | Depths:3 | Noticed a golden dragon
 69062 | Depths:3 | Killed a golden dragon
 69091 | Depths:3 | Found a runed translucent door.
 69092 | Depths:3 | Found a runed translucent door.
 69092 | Depths:3 | Noticed a caustic shrike
 69092 | Depths:3 | Noticed a caustic shrike
 69328 | Depths:4 | Entered Level 4 of the Depths
 69959 | Depths:3 | Reached XP level 23. HP: 111/116 MP: 38/38
 70082 | Depths:4 | Noticed a juggernaut
 70394 | Depths:4 | Killed a juggernaut
 70894 | Depths:4 | Found a gate to the Realm of Zot.
 71103 | Depths:1 | Paralysed by a floating eye for 4 turns
 71467 | Crypt:1  | Entered Level 1 of the Crypt
 71709 | Crypt:1  | Found the +2 hood of the Assassin {Detect Stab+ Stlth++}
 71809 | Crypt:1  | Noticed Saint Roka
 71840 | Crypt:1  | Killed Saint Roka
 73493 | Crypt:3  | Entered Level 3 of the Crypt
 74049 | Crypt:3  | Found the +5 scythe "Finisher" {speed, execute}
 74066 | Crypt:3  | Identified the +8 bardiche of the Hall of Blades {heavy,
                  | *Noise rC++ Int+3 SInv}
 74209 | Crypt:3  | Reached XP level 24. HP: 124/124 MP: 38/38
 74305 | Crypt:3  | Identified the scarf of Measiuss {shadows, rF- Dex+3
                  | Stlth+}
 74389 | Crypt:3  | Found a staircase to the Tomb.
 74416 | Crypt:3  | Identified the +0 buckler of the Jolly Wishes {*Slow rPois
                  | Int+5 SInv}
 74420 | Crypt:3  | Identified the +11 mace "Rorron" {vamp, rF+ rCorr Stlth-}
 74841 | Crypt:3  | Found an ancient bone altar of Kikubaaqudgha.
 74942 | Crypt:3  | Noticed a dread lich
 74954 | Crypt:3  | Killed a dread lich
 74963 | Crypt:3  | Identified the +11 rapier of the World {heavy, Dex+3}
 75490 | Vaults:5 | Entered Level 5 of the Vaults
 75830 | Vaults:5 | Noticed a dread lich
 75853 | Vaults:5 | Killed a dread lich
 75876 | Vaults:5 | Noticed a dread lich
 75946 | Vaults:5 | Identified the +3 sling "Fyinoec" {speed, Stlth+}
 76254 | Vaults:5 | Identified the +1 ring mail "Exzosk" {Fly Dex+4}
 76285 | Vaults:5 | Identified the +8 great sword of Big Damage {heavy, Str+3
                  | Dex+3}
 76999 | Vaults:5 | Noticed an ancient lich
 77005 | Vaults:5 | Reached skill level 25 in Shapeshifting
 77012 | Vaults:5 | Killed an ancient lich
 77032 | Vaults:5 | Identified the +1 quarterstaff of Ghostly Expedience
                  | {antimagic, Fragile rN++ Dex+6}
 77033 | Vaults:5 | Identified the +2 war axe of the Tent {protect, *Noise
                  | Str+4 Dex+6}
 77332 | Vaults:5 | Killed a dread lich
 77365 | Vaults:5 | Got a silver rune of Zot
 77392 | Vaults:5 | Reached XP level 25. HP: 118/130 MP: 37/38
 77707 | Vaults:5 | Bought 2 potions of might for 152 gold pieces
 77931 | D:13     | Bought a potion of cancellation for 112 gold pieces
 78119 | Zot:1    | Entered Level 1 of the Realm of Zot
 78665 | Zot:4    | Reached skill level 26 in Shapeshifting
 78716 | Zot:5    | Entered Level 5 of the Realm of Zot
 78745 | Zot:5    | Found a huge runed gate.
 78745 | Zot:5    | Found a huge runed gate.
 78745 | Zot:5    | Found a huge runed gate.
 78745 | Zot:5    | Found a huge runed gate.
 78745 | Zot:5    | Found a huge runed gate.
 78745 | Zot:5    | Found a huge runed gate.
 78745 | Zot:5    | Found a huge runed gate.
 78745 | Zot:5    | Found a huge runed gate.
 78745 | Zot:5    | Found a huge runed gate.
 78745 | Zot:5    | Found a huge runed gate.
 78752 | Zot:5    | Noticed a Killer Klown
 78752 | Zot:5    | Noticed Pooter's ghost (legendary MiBe)
 78752 | Zot:5    | Noticed Covvyleb's ghost (veteran DrIE)
 78752 | Zot:5    | Noticed Bealaq's ghost (legendary GnFE)
 78752 | Zot:5    | Noticed Wukiw's ghost (legendary MiBe)
 78752 | Zot:5    | Noticed Deah Kuhairgh's ghost (legendary GnIE)
 78752 | Zot:5    | Noticed Vaid's ghost (master GnFi)
 78752 | Zot:5    | Noticed Covvyleb's ghost (veteran DrIE)
 78752 | Zot:5    | Noticed Giurur's ghost (veteran OgBe)
 78752 | Zot:5    | Noticed Pessaschasee's ghost (legendary HOFi)
 78752 | Zot:5    | Found a huge runed gate.
 78752 | Zot:5    | Found a huge runed gate.
 78752 | Zot:5    | Found a huge runed gate.
 78752 | Zot:5    | Found a huge runed gate.
 78752 | Zot:5    | Found a huge runed gate.
 78752 | Zot:5    | Found a huge runed gate.
 78752 | Zot:5    | Found a huge runed gate.
 78752 | Zot:5    | Found a huge runed gate.
 78752 | Zot:5    | Found a huge runed gate.
 78752 | Zot:5    | Found a huge runed gate.
 78752 | Zot:5    | Found a huge runed gate.
 78752 | Zot:5    | Found a huge runed gate.
 78771 | Zot:5    | Found a huge runed gate.
 78862 | Zot:5    | Found a huge runed gate.
 78863 | Zot:5    | Found a huge runed gate.
 78872 | Zot:5    | Found a huge runed gate.
 78872 | Zot:5    | Found a huge runed gate.
 78872 | Zot:5    | Found a huge runed gate.
 78872 | Zot:5    | Found a huge runed gate.
 78872 | Zot:5    | Found a huge runed gate.
 78872 | Zot:5    | Found a huge runed gate.
 78873 | Zot:5    | Found a huge runed gate.
 78876 | Zot:5    | Found a huge runed gate.
 78878 | Zot:5    | Found a huge runed gate.
 78886 | Zot:5    | Found a huge runed gate.
 78886 | Zot:5    | Found a huge runed gate.
 79130 | Zot:5    | Noticed an ancient lich
 79157 | Zot:5    | Noticed an ancient lich
 79163 | Zot:5    | Noticed a dread lich
 79170 | Zot:5    | Noticed an orb of fire
 79170 | Zot:5    | Noticed a Killer Klown
 79170 | Zot:5    | Noticed an orb of fire
 79171 | Zot:5    | Noticed an orb of fire
 79171 | Zot:5    | Noticed a Killer Klown
 79189 | Zot:5    | Killed a Killer Klown
 79259 | Zot:5    | Killed a dread lich
 79266 | Zot:5    | Killed a Killer Klown
 79266 | Zot:5    | Killed a dread lich
 79267 | Zot:5    | Killed a dread lich
 79268 | Zot:5    | Reached skill level 27 in Shapeshifting
 79280 | Zot:5    | Noticed an ancient lich
 79280 | Zot:5    | Noticed a Killer Klown
 79280 | Zot:5    | Noticed an orb of fire
 79281 | Zot:5    | Gained mutation: You have a pair of small horns on your
                  | head. [an orb of fire]
 79284 | Zot:5    | Killed an ancient lich
 79290 | Zot:5    | Killed a Killer Klown
 79335 | Zot:5    | Gained mutation: You have hidden genetic defects. [an orb
                  | of fire]
 79338 | Zot:5    | Gained mutation: Your mind is acute. (Int +4, Str/Dex -1)
                  | [an orb of fire]
 79349 | Zot:5    | Killed an orb of fire
 79415 | Zot:5    | Got the Orb of Zot
 79759 | D:15     | Noticed Xutruo the pandemonium lord
 80018 | D:$      | Escaped with the Orb!

Illustrated notes

Levels and vault maps discovered:
D:1:      lightli_arrival_lavapool, layout_basic, minmay_pentomino_v2
D:2:      layout_basic
D:3:      layout_loops_ring, cheibrodos_sewer_entry_sluice,
          minmay_joined_circles
D:4:      layout_basic, minmay_temple_entry_butterflies, minmay_fire_ice_demons
D:5:      layout_gridville, nicolae_tso_swordbearing_angel,
          mainiacjoe_overflow_alcove_2, grunt_gozag_statues
D:6:      layout_basic, grunt_dithmenos_smoke, mainiacjoe_overflow_alcove_4,
          mainiacjoe_overflow_catwalk, mainiacjoe_overflow_alcove_1
D:7:      nicolae_cairo_tiling_large_dashed, layout_cave_pods, slow_altar_1
D:8:      layout_rooms, mainiacjoe_overflow_concentric_impassable,
          enter_bailey_6, uniq_gastronok, uniq_joseph, uniq_jeremiah, uniq_grum
D:9:      layout_gridville, mainiacjoe_overflow_cross_hatched,
          fiery_altar_vehumet, david_orc_3, serial_bayou, serial_bayou_lagoon_a,
          serial_bayou_shore_b, serial_bayou_pond_c, serial_bayou_lake_a
D:10:     layout_roguey
D:11:     layout_grid_maze, grunt_lair_entry_orc_guard_hut, minmay_holes,
          nrook_uturn, serial_bayou_pond_d, serial_nicolae_subway,
          nicolae_sub_station_crystal, nicolae_sub_station_metal,
          nicolae_sub_station_stone
D:12:     layout_loops_ring, fedhas_altar_4
D:13:     layout_cave_pools, serial_shops, shop, minmay_nine_imps
D:14:     layout_irregular_city, lightli_vaults_fourway_checkpoint,
          nicolae_elevator_lobby_asterisk
D:15:     gammafunk_depths_entry_grave, layout_rooms, serial_shops,
          nicolae_shop_gibbet_a_chance
Temple:   hellmonk_temple_of_storms
Lair:1:   layout_hall_layers
Lair:2:   layout_roguey, elwin_shoals_entry_stream, nicolae_lair_liquid_snakes,
          infiniplex_staircase_pool_2
Lair:3:   layout_cave_pods, nicolae_spider_entry_non_spiders,
          portal_ice_cave_entry_pillars_1, gauntlet_entry_generic,
          infiniplex_staircase_pool, lemuel_fruit_fields, serial_bayou_shore_b,
          uniq_nessos
Lair:4:   layout_loops_ring, dpeg_slime_entry_enclosed,
          grunt_forest_stairs_basic, grunt_megastairs_2, uniq_kirke
Lair:5:   hellmonk_lair_end_abyssal_woods, layout_hall_layers, basic_altar
Shoals:1: layout_shoals, ebering_ghost_davey_jones, nicolae_shoals_secluded_bog
Shoals:2: dreamdust_from_the_deep, layout_shoals, serial_shops, shop
Shoals:3: layout_shoals, hangedman_shoals_cup_caves, uniq_nikola
Shoals:4: shoals_end_hellmonk_holy_island
Spider:1: layout_spider_delve
Spider:2: layout_spider_delve, nicolae_spider_rock_and_or_roll
Spider:3: layout_spider_delve
Spider:4: spider_rune_water
Orc:1:    cheibrodos_orc_arena, layout_diamond_mine, basic_altar, elf_legates
Orc:2:    pubby_orc_utopia, uniq_sonja
Elf:1:    layout_geoelf_grid, minmay_elf_necromancy,
          nicolae_elf_archery_training
Elf:2:    nicolae_elf_blades_crystal_corner, layout_geoelf_diagonals,
          serial_shops, nicolae_shop_back_alley_shop, uniq_azrael
Elf:3:    nooodl_elf_gasket, layout_geoelf_octagon, minmay_misc_feat_ornament
Vaults:1: nicolae_vaults_closet_pinwheel_3, nicolae_vaults_closet_pinwheel_3,
          ontoclasm_vaults_eye, vaults_standard_mumra_lines,
          nicolae_vaults_what_the_h, layout_vaults_omnigrid, serial_shops, shop
Vaults:2: v_misc_33, v_misc_23, hangedman_vaults_stretched_pinwheel,
          minmay_crypt_entry_nasty_monster, nicolae_vaults_bisected_inception,
          nicolae_vaults_house_2, grunt_vaults_funnel, v_misc_12,
          st_smaller_cells, v_misc_10, nicolae_vaults_closet_pinwheel_6,
          hangedman_vaults_snaps, layout_vaults_omnibox, uniq_sojobo
Vaults:3: nicolae_vaults_network_barrier, vaults_room_boxed,
          nicolae_vaults_diamond_1, nicolae_vaults_little_squares_1,
          ontoclasm_vaults_ligature, vaults_dpeg_hooks, v_rooms_5, v_misc_9,
          nicolae_vaults_theta, nicolae_vaults_storage_closets_1,
          ontoclasm_vaults_twist, nicolae_vaults_display_case, vaults_dpeg_ring,
          vaults_mumra_hexcomb, layout_vaults_chaotic_city
Vaults:4: portal_desolation_entry_ruin, nicolae_vaults_angled_halls,
          nicolae_vaults_know_your_exits, nicolae_vaults_disjoint_gnomons,
          v_misc_24, v_misc_9, hangedman_vaults_corner_blocks,
          hangedman_vaults_trim, nicolae_vaults_border_crossing,
          nicolae_vaults_octothorpe, nicolae_vaults_six-pack,
          nicolae_vaults_tetromino_T_1, nicolae_vaults_trapezoid_3, v_misc_8,
          ontoclasm_vaults_gateway, nicolae_vaults_closet_pinwheel_1,
          layout_vaults_omnicross
Vaults:5: serial_shops
Crypt:1:  nicolae_crypt_knochenhaus, layout_basic, lemuel_nasty_fountain,
          uniq_grunn, uniq_saint_roka
Crypt:2:  layout_chaotic_city, serial_sigils, serial_sigils_hangedman_etch,
          serial_sigils_hangedman_carve, serial_sigils_hangedman_clutch,
          serial_sigils_hangedman_confine, serial_sigils_hangedman_scratch,
          serial_sigils_hangedman_gut
Crypt:3:  quadcrypt_mu
Depths:1: layout_gridlike, enter_ziggurat_c, grunt_pan_entry_zigzag,
          hangedman_abyss_entry_splay, minmay_misc_feat_tiny, hell_entry,
          beargit_elvish_explorers
Depths:2: lemuel_flame_loot_2, layout_basic,
          nicolae_abyss_entry_one_way_or_another, serial_shops, shop,
          nicolae_shop_bloodbath_and_beyond, shop, kennysheep_crisscross,
          grunt_metal_band, grunt_pan_entry_in_and_out, uniq_enchantress,
          uniq_aizul
Depths:3: minmay_the_grid_triangle_9x9_rhombus_full_mashed
          [minmay_the_grid_triangle_9x9_tough_junction,
          minmay_the_grid_triangle_9x9_cache,
          minmay_the_grid_triangle_9x9_corruption,
          minmay_the_grid_triangle_9x9_steps,
          minmay_the_grid_triangle_9x9_windchime,
          minmay_the_grid_triangle_9x9_negative_grid,
          minmay_the_grid_triangle_9x9_minimal,
          minmay_the_grid_triangle_9x9_prize_top_heavy], layout_gridlike,
          chequers_jeans, serial_curves, eino_curves_04, eino_curves_01,
          hell_entry, abyss_entry
Depths:4: grunt_twist_and_shout, layout_long_grid, hell_entry,
          minmay_crystal_water, hangedman_decor_slide_cut,
          hangedman_stitches_earthworm, kennysheep_random_hallway
Zot:1:    layout_gridlike, st_stairs_14
Zot:2:    nicolae_moth_party, layout_basic, zot_minivault_1
Zot:3:    layout_misc_corridors, grunt_megastairs_5
Zot:4:    layout_cellular_growth, nicolae_rock_paper_scissors,
          grunt_megastairs_3, uniq_josephina
Zot:5:    layout_basic, gammafunk_ghost_door_vault, st_stairs_8,
          hangedman_zot_decor_scrapings

Skill      XL: |  1  2  3  4  5  6  7  8  9 10 11 12 13 14 15 16 17 18 19 20 21 22 23 24 25 |
---------------+----------------------------------------------------------------------------+-----
Unarmed Combat | 2 3 4 5 7 8 9 10 13 14 16 17 18 20 | 20.1
Hexes          | 5 6 7 8 10 11 12 13 15 | 15.0
Stealth        | 5 6 7 9 10 12 13 16 17 18 | 18.7
Fighting       | 1 4 5 9 10 12 14 17 19 21 22 | 22.3
Dodging        | 8 10 12 13 14 16 18 20 21 | 21.7
Shapeshifting  | 4 8 11 12 15 17 18 19 21 23 24 25 27 | 27.0
Translocations | 2 7 10 11 12 | 12.9
Spellcasting   | 4 8 9 10 | 10.0
Evocations     | 5 7 |  7.0
Air Magic      | 2 |  2.5
Conjurations   | 2 |  2.9

Action                     |  1- 3 |  4- 6 |  7- 9 | 10-12 | 13-15 | 16-18 | 19-21 | 22-24 | 25-27 || total
---------------------------+-------+-------+-------+-------+-------+-------+-------+-------+-------++-------
  Melee: Unarmed           |   124 |   144 |   180 |   362 |  1081 |  1106 |  1624 |  1814 |   165 ||  6600
         Bite              |    10 |    14 |    17 |    40 |   166 |   150 |   202 |     7 |       ||   606
         Punch             |     3 |       |     3 |    19 |    86 |   111 |   210 |   316 |    30 ||   778
         Tailslap          |       |       |       |       |       |       |       |     8 |       ||     8
   Cast: Ensorcelled Hiber |    24 |    42 |    53 |   156 |   352 |   339 |    65 |       |       ||  1031
         Tukima's Dance    |       |     3 |     7 |    16 |    14 |       |       |       |       ||    40
         Confusing Touch   |       |     1 |    12 |    21 |    67 |    32 |     8 |       |       ||   141
         Blink             |       |       |       |       |     1 |     4 |     2 |     6 |       ||    13
         Mephitic Cloud    |       |       |       |       |    23 |    48 |    41 |    13 |       ||   125
         Dazzling Flash    |       |       |       |       |       |     9 |     2 |       |       ||    11
         Vhi's Electric Ch |       |       |       |       |       |       |    27 |    51 |       ||    78
         Manifold Assault  |       |       |       |       |       |       |       |    10 |       ||    10
 Invoke: Call Merchant     |       |       |       |       |     6 |     2 |     1 |     2 |     1 ||    12
         Bribe Branch      |       |       |       |       |       |       |       |       |     2 ||     2
Ability: Blinkbolt         |       |       |       |       |       |       |     3 |     5 |       ||     8
  Evoke: Wand              |       |     7 |       |     5 |     4 |    14 |    12 |     3 |     5 ||    50
         Lightning rod     |       |       |       |       |       |     4 |       |     3 |       ||     7
         Phantom mirror    |       |       |       |       |       |     1 |     1 |       |       ||     2
    Use: Potion            |       |     2 |     3 |    10 |     1 |     2 |     7 |     1 |    11 ||    37
         Scroll            |       |     5 |     6 |    12 |    11 |     6 |    11 |     3 |     9 ||    63
   Stab: Sleeping          |    27 |    43 |    51 |   118 |   221 |   225 |    97 |    33 |     5 ||   820
         Invisible         |       |     2 |     4 |     2 |       |     5 |     1 |       |       ||    14
         Confused          |       |       |    12 |    15 |    61 |    58 |    28 |     9 |       ||   183
         Distracted        |       |       |     1 |     1 |     4 |    12 |    20 |    34 |     4 ||    76
         Fleeing           |       |       |       |     1 |       |       |       |       |       ||     1
         Petrified         |       |       |       |       |     3 |       |       |       |       ||     3
         Paralysed         |       |       |       |       |       |       |       |     4 |       ||     4
 Armour: Skin              |    40 |    30 |    38 |    87 |   275 |   731 |   833 |   309 |    33 ||  2376
  Dodge: Dodged            |    84 |    85 |   111 |   322 |  1142 |  2890 |  2318 |  1938 |   135 ||  9025
   Form: Beast             |       |       |     1 |       |     1 |       |       |       |       ||     2
         Statue            |       |       |       |       |     2 |       |     3 |       |       ||     5
         Dragon            |       |       |       |       |       |       |     1 |     3 |       ||     4
         Blade             |       |       |       |       |       |       |     1 |       |       ||     1
         Storm             |       |       |       |       |       |       |     3 |     3 |       ||     6

Table legend: (Time is in decaauts)
 A = Elapsed time spent in this place.
 B = Non-inter-level travel time spent in this place.
 C = Inter-level travel time spent in this place.
 D = Time resting spent in this place.
 E = Time spent auto-exploring this place.
 F = Levels seen in this place.
 G = Mean time per level.
                   A        B        C        D        E       F      G
               +--------+--------+--------+--------+--------+-----+--------+
         Total |  85265 |  79826 |   5439 |  21125 |  31822 |  56 | 1522.6 |
       Dungeon |  19972 |  18042 |   1930 |   5638 |   6799 |  15 | 1331.5 |
        Temple |      8 |      8 |      0 |      0 |      0 |   1 |    8.0 |
          Lair |   7995 |   7318 |    677 |   1865 |   3232 |   5 | 1599.0 |
        Shoals |   8129 |   7738 |    391 |   1392 |   3232 |   4 | 2032.2 |
   Spider Nest |   7577 |   7353 |    224 |   1622 |   3025 |   4 | 1894.2 |
  Orcish Mines |   5553 |   5227 |    326 |   1809 |   1341 |   2 | 2776.5 |
   Elven Halls |   9332 |   8865 |    467 |   4040 |   2661 |   3 | 3110.7 |
        Vaults |  11277 |  10508 |    769 |   1186 |   6087 |   5 | 2255.4 |
         Crypt |   3713 |   3581 |    132 |    385 |   2152 |   3 | 1237.7 |
        Depths |   7338 |   6880 |    458 |   2183 |   2763 |   4 | 1834.5 |
           Zot |   1398 |   1335 |     63 |    238 |      0 |   5 |  279.6 |
         Abyss |    187 |    187 |      0 |      0 |      0 |   1 |  187.0 |
         Sewer |    615 |    615 |      0 |    233 |     50 |   1 |  615.0 |
        Bailey |    445 |    445 |      0 |    205 |     29 |   1 |  445.0 |
    Desolation |   1161 |   1161 |      0 |    144 |    448 |   1 | 1161.0 |
      Gauntlet |    555 |    555 |      0 |    180 |      0 |   1 |  555.0 |
               +--------+--------+--------+--------+--------+-----+--------+

Top non-repeatable levels by time:
   Elf:3: 6448 daAuts
   Orc:2: 3321 daAuts
Vaults:2: 2872 daAuts
Spider:4: 2813 daAuts
Depths:1: 2588 daAuts
Vaults:1: 2559 daAuts
Shoals:4: 2496 daAuts
  Lair:5: 2436 daAuts
  Lair:3: 2296 daAuts
   Orc:1: 2232 daAuts
Vaults:3: 2158 daAuts
     D:9: 2140 daAuts
Shoals:2: 2025 daAuts
Depths:2: 1914 daAuts
Vaults:5: 1905 daAuts
